NYP
MINNESOTA (NYP) TWINS @ IDAHO FALLS CHUKARS
07/29/2048
 
TOP OF THE 1ST
Minnesota (NYP) Twins batting - Pitching for Idaho Falls Chukars : RHP Mike Valdez
Pitching: RHP Mike Valdez
Batting: RHB Caleb Bockmann 0-0: SINGLE (Groundball, 4MD, EV 96.9 MPH)
Batting: RHB Sergio Gomez 0-0: Ball
Wild Pitch!
Caleb Bockmann to second
1-0: Fly out, F8 (Flyball, 8RM, EV 90.6 MPH)
Batting: LHB Tomas Espino 0-0: Called Strike
0-1: Fly out, F7 (Line Drive, 7LS, EV 96.2 MPH)
Batting: RHB Steve Terrell 0-0: Foul Ball, location: 2F
0-1: Foul Ball, location: 2F
0-2: Hit by Pitch
Batting: RHB Alexandre Garcia 0-0: Fielders Choice at 2nd, 5-4 (Groundball, 56, EV 82.5 MPH)
Top of the 1st over - 0 runs, 1 hit, 0 errors, 2 left on base; Minnesota (NYP) 0 - Idaho Falls 0
BOTTOM OF THE 1ST
Idaho Falls Chukars batting - Pitching for Minnesota (NYP) Twins : RHP Glen Dutton
Pitching: RHP Glen Dutton
Batting: RHB Ruben Luis 0-0: Ball
1-0: Ball
2-0: Ground out 5-3 (Groundball, 56, EV 80.0 MPH)
Batting: RHB Jonas Fernandez 0-0: Ground out 1-3 (Groundball, 13S, EV 75.0 MPH)
Batting: RHB Carlos Almada 0-0: Called Strike
0-1: Ball
1-1: Called Strike
1-2: Ball
2-2: Foul Ball, location: 2F
2-2: Foul Ball, location: 2F
2-2: Fly out, F8 (Flyball, 78M, EV 80.6 MPH)
Bottom of the 1st over - 0 runs, 0 hits, 0 errors, 0 left on base; Minnesota (NYP) 0 - Idaho Falls 0
TOP OF THE 2ND
Minnesota (NYP) Twins batting - Pitching for Idaho Falls Chukars : RHP Mike Valdez
Batting: LHB Ryuuichi Shintani 0-0: Ball
1-0: Foul Ball, location: 2F
1-1: Fly out, F7 (Line Drive, 7, EV 91.9 MPH)
Batting: LHB Yasutoshi Hayashi 0-0: Ball
1-0: TRIPLE (Flyball, 9LD, EV 101.9 MPH)
Batting: LHB Ben Roth 0-0: Ball
1-0: Called Strike
1-1: Foul Ball, location: 2F
1-2: Ball
2-2: Ball
3-2: Ground out 3-1 (Groundball, 34D, EV 90.0 MPH)
Yasutoshi Hayashi scores
Pitching: RHP Bryan Kiefer
Batting: SHB Juan Aguilar 0-0: Ball
1-0: Ball
2-0: Ball
3-0: Called Strike
3-1: Called Strike
3-2: Foul Ball, location: 2F
3-2: Foul Ball, location: 2F
3-2: Base on Balls
Batting: RHB Caleb Bockmann 0-0: Fielders Choice at 2nd, 6-4 (Groundball, 6, EV 84.4 MPH)
Top of the 2nd over - 1 run, 1 hit, 0 errors, 1 left on base; Minnesota (NYP) 1 - Idaho Falls 0
BOTTOM OF THE 2ND
Idaho Falls Chukars batting - Pitching for Minnesota (NYP) Twins : RHP Glen Dutton
Batting: RHB Chance Argy 0-0: Ball
1-0: Ball
2-0: Foul Ball, location: 2F
2-1: Fly out, F8 (Flyball, 8LS, EV 64.4 MPH)
Batting: RHB Ian Hornsby 0-0: Ball
1-0: Ball
2-0: Ground out 6-3 (Groundball, 56, EV 91.9 MPH)
Batting: RHB Jimmy Mayville 0-0: Called Strike
0-1: Foul Ball, location: 2F
0-2: Ball
1-2: Fly out, F8 (Flyball, 8RD, EV 97.5 MPH)
Bottom of the 2nd over - 0 runs, 0 hits, 0 errors, 0 left on base; Minnesota (NYP) 1 - Idaho Falls 0
TOP OF THE 3RD
Minnesota (NYP) Twins batting - Pitching for Idaho Falls Chukars : RHP Bryan Kiefer
Batting: RHB Sergio Gomez 0-0: Called Strike
0-1: Fly out, F8 (Line Drive, 8RM, EV 103.1 MPH)
Batting: LHB Tomas Espino 0-0: Swinging Strike
0-1: Ball
1-1: Ball
2-1: Foul Ball, location: 2F
2-2: Foul Ball, location: 2F
2-2: Ball
3-2: Strikes out swinging
Pitching: RHP Francisco Reyes
Batting: RHB Steve Terrell 0-0: Fly out, F7 (Flyball, 7D, EV 104.4 MPH)
Top of the 3rd over - 0 runs, 0 hits, 0 errors, 0 left on base; Minnesota (NYP) 1 - Idaho Falls 0
BOTTOM OF THE 3RD
Idaho Falls Chukars batting - Pitching for Minnesota (NYP) Twins : RHP Glen Dutton
Batting: RHB Bobby Matyas 0-0: Called Strike
0-1: Ball
1-1: Ball
2-1: Foul Ball, location: 2F
2-2: Foul Ball, location: 2F
2-2: Ball
3-2: Ground out 4-3 (Groundball, 4, EV 82.5 MPH)
Batting: RHB Trevor Kingston 0-0: Ball
1-0: Ball
2-0: Ball
3-0: Base on Balls
Batting: SHB Benoît Morin 0-0: Called Strike
0-1: Ball
1-1: Fielders Choice at 2nd, 6-4 (Groundball, 6, EV 81.9 MPH)
Batting: RHB Ruben Luis 0-0: Ball
1-0: Ball
Wild Pitch!
Benoît Morin to second
2-0: Called Strike
2-1: Fly out, F5 (Line Drive, 5L, EV 66.9 MPH)
Bottom of the 3rd over - 0 runs, 0 hits, 0 errors, 1 left on base; Minnesota (NYP) 1 - Idaho Falls 0
TOP OF THE 4TH
Minnesota (NYP) Twins batting - Pitching for Idaho Falls Chukars : RHP Francisco Reyes
Batting: RHB Alexandre Garcia 0-0: Ball
1-0: Called Strike
1-1: Fly out, F8 (Flyball, 78D, EV 106.2 MPH)
Batting: LHB Ryuuichi Shintani 0-0: Called Strike
0-1: Bunt missed!
0-2: SINGLE (Groundball, 56D, EV 100.0 MPH)
Batting: LHB Yasutoshi Hayashi 0-0: SINGLE (Groundball, 6D, EV 106.2 MPH)
Ryuuichi Shintani to second
Batting: LHB Ben Roth 0-0: Swinging Strike
0-1: Ball
1-1: Foul Ball, location: 2F
1-2: SINGLE (Line Drive, 34D, EV 94.4 MPH)
Ryuuichi Shintani to third
Yasutoshi Hayashi to second
Runner from 3rd tries for Home, throw by RF and OUT! 9-2
Yasutoshi Hayashi to third
Ben Roth to second
Batting: SHB Juan Aguilar 0-0: Ball
1-0: Ball
2-0: Ball
3-0: Base on Balls
Batting: RHB Caleb Bockmann 0-0: Called Strike
0-1: SINGLE (Groundball, 6MD, EV 105.6 MPH) (infield hit)
Yasutoshi Hayashi scores
Ben Roth to third
Juan Aguilar to second
Pitching: LHP Kentaro Shimasaki
Batting: RHB Sergio Gomez 0-0: Foul Ball, location: 2F
0-1: Swinging Strike
0-2: Ball
1-2: Strikes out swinging
Top of the 4th over - 1 run, 4 hits, 0 errors, 3 left on base; Minnesota (NYP) 2 - Idaho Falls 0
BOTTOM OF THE 4TH
Idaho Falls Chukars batting - Pitching for Minnesota (NYP) Twins : RHP Glen Dutton
Batting: RHB Jonas Fernandez 0-0: Ground out 4-3 (Groundball, 4S, EV 81.2 MPH)
Batting: RHB Carlos Almada 0-0: Called Strike
0-1: Foul Ball, location: 2F
0-2: Strikes out swinging
Batting: RHB Chance Argy 0-0: Ball
1-0: Ball
2-0: Ground out 5-3 (Groundball, 5L, EV 96.2 MPH)
Bottom of the 4th over - 0 runs, 0 hits, 0 errors, 0 left on base; Minnesota (NYP) 2 - Idaho Falls 0
TOP OF THE 5TH
Minnesota (NYP) Twins batting - Pitching for Idaho Falls Chukars : LHP Kentaro Shimasaki
Batting: LHB Tomas Espino 0-0: Swinging Strike
0-1: Foul Ball, location: 2F
0-2: Foul Ball, location: 2F
0-2: Ground out 4-3 (Groundball, 4M, EV 83.8 MPH)
Batting: RHB Steve Terrell 0-0: Ball
1-0: Called Strike
1-1: Ball
2-1: Ball
3-1: Foul Ball, location: 2F
3-2: Base on Balls
Batting: RHB Alexandre Garcia 0-0: Ball
1-0: Fielders Choice at 2nd, 4-6 (Groundball, 4, EV 78.8 MPH)
Batting: LHB Ryuuichi Shintani 0-0: Foul Ball, location: 2F
0-1: Ball
1-1: Called Strike
1-2: Foul Ball, location: 2F
1-2: Ball
Pickoff Throw to First - Error! E1
Alexandre Garcia to second
2-2: DOUBLE (Groundball, 3L, EV 101.2 MPH)
Alexandre Garcia scores
Pitching: LHP Bin Ya
Batting: LHB Yasutoshi Hayashi 0-0: Ball
1-0: Called Strike
1-1: Foul Ball, location: 2F
1-2: Strikes out swinging
Top of the 5th over - 1 run, 1 hit, 1 error, 1 left on base; Minnesota (NYP) 3 - Idaho Falls 0
BOTTOM OF THE 5TH
Idaho Falls Chukars batting - Pitching for Minnesota (NYP) Twins : RHP Glen Dutton
Batting: RHB Ian Hornsby 0-0: Hit by Pitch
Batting: RHB Jimmy Mayville 0-0: Called Strike
0-1: Called Strike
0-2: Strikes out looking
Batting: RHB Bobby Matyas 0-0: Fly out, F8 (Line Drive, 8RM, EV 106.2 MPH)
Batting: RHB Trevor Kingston 0-0: Foul Ball, location: 2F
0-1: Ball
1-1: Fly out, F9 (Flyball, 89XD, EV 105.0 MPH)
Bottom of the 5th over - 0 runs, 0 hits, 0 errors, 1 left on base; Minnesota (NYP) 3 - Idaho Falls 0
TOP OF THE 6TH
Minnesota (NYP) Twins batting - Pitching for Idaho Falls Chukars : LHP Bin Ya
Batting: LHB Ben Roth 0-0: Foul Ball, location: 2F
0-1: Ball
1-1: Swinging Strike
1-2: Ball
2-2: Strikes out swinging
Batting: SHB Juan Aguilar 0-0: Ball
1-0: Ball
2-0: Ball
3-0: Base on Balls
Batting: RHB Caleb Bockmann 0-0: DOUBLE (Flyball, 8RXD, EV 98.1 MPH)
Juan Aguilar to third
Batting: RHB Sergio Gomez 0-0: Called Strike
0-1: DOUBLE (Line Drive, 78M, EV 94.4 MPH)
Juan Aguilar scores
Caleb Bockmann scores
Batting: LHB Tomas Espino 0-0: Called Strike
0-1: Hit by Pitch
Pitching: LHP Hyoji Kawabata
Batting: RHB Steve Terrell 0-0: Called Strike
0-1: Ball
1-1: Ball
2-1: Ball
3-1: Base on Balls
Sergio Gomez to third
Tomas Espino to second
Batting: RHB Alexandre Garcia 0-0: Fly out, F9 (Flyball, 9S, EV 86.9 MPH)
Batting: LHB Ryuuichi Shintani 0-0: Ball
1-0: Ball
2-0: Foul Ball, location: 2F
2-1: Swinging Strike
2-2: Strikes out swinging
Top of the 6th over - 2 runs, 2 hits, 0 errors, 3 left on base; Minnesota (NYP) 5 - Idaho Falls 0
BOTTOM OF THE 6TH
Idaho Falls Chukars batting - Pitching for Minnesota (NYP) Twins : RHP Glen Dutton
Batting: SHB Benoît Morin 0-0: Called Strike
0-1: Swinging Strike
0-2: Ball
1-2: Strikes out looking
Batting: RHB Ruben Luis 0-0: SOLO HOME RUN (Flyball, 9D, EV 98.8 MPH), Distance : 371 ft
Batting: RHB Jonas Fernandez 0-0: Ground out 5-3 (Groundball, 5S, EV 70.0 MPH)
Batting: RHB Carlos Almada 0-0: Fly out, F9 (Line Drive, 9, EV 99.4 MPH)
Bottom of the 6th over - 1 run, 1 hit, 0 errors, 0 left on base; Minnesota (NYP) 5 - Idaho Falls 1
TOP OF THE 7TH
Minnesota (NYP) Twins batting - Pitching for Idaho Falls Chukars : LHP Hyoji Kawabata
Batting: LHB Yasutoshi Hayashi 0-0: Ground out 4-3 (Groundball, 4, EV 89.4 MPH)
Batting: LHB Ben Roth 0-0: Ball
1-0: Ball
2-0: Fly out, F9 (Flyball, 89S, EV 86.2 MPH)
Batting: SHB Juan Aguilar 0-0: Ball
1-0: Ball
2-0: Ball
3-0: Called Strike
3-1: Called Strike
3-2: Foul Ball, location: 2F
3-2: Base on Balls
Pitching: RHP Jim Haggart
Batting: RHB Caleb Bockmann 0-0: Ball
1-0: Fly out, F4 (Popup, 34S, EV 83.1 MPH)
Top of the 7th over - 0 runs, 0 hits, 0 errors, 1 left on base; Minnesota (NYP) 5 - Idaho Falls 1
BOTTOM OF THE 7TH
Idaho Falls Chukars batting - Pitching for Minnesota (NYP) Twins : RHP Glen Dutton
Batting: RHB Chance Argy 0-0: Called Strike
0-1: Ball
1-1: Ball
2-1: Called Strike
2-2: Strikes out swinging
Batting: RHB Ian Hornsby 0-0: SOLO HOME RUN (Flyball, 7LD, EV 93.8 MPH), Distance : 369 ft
Batting: RHB Jimmy Mayville 0-0: Ball
1-0: Called Strike
1-1: Ball
2-1: Called Strike
2-2: Ball
3-2: Base on Balls
Batting: RHB Bobby Matyas 0-0: Ball
1-0: Ball
2-0: Ball
3-0: Called Strike
3-1: Foul Ball, location: 2F
3-2: Strikes out looking
Pitching: RHP Chad Brock
Batting: RHB Trevor Kingston 0-0: Ground out 4-3 (Groundball, 4, EV 100.0 MPH)
Bottom of the 7th over - 1 run, 1 hit, 0 errors, 1 left on base; Minnesota (NYP) 5 - Idaho Falls 2
TOP OF THE 8TH
Minnesota (NYP) Twins batting - Pitching for Idaho Falls Chukars : RHP Jim Haggart
Batting: RHB Sergio Gomez 0-0: Ground out 5-3 (Groundball, 5, EV 103.8 MPH)
Batting: LHB Tomas Espino 0-0: Called Strike
0-1: Foul Ball, location: 2F
0-2: Strikes out swinging
Batting: RHB Steve Terrell 0-0: Ball
1-0: Foul Ball, location: 2F
1-1: TRIPLE (Line Drive, 8LXD, EV 108.8 MPH)
Batting: RHB Alexandre Garcia 0-0: Ground out 6-3 (Groundball, 6, EV 95.0 MPH)
Top of the 8th over - 0 runs, 1 hit, 0 errors, 1 left on base; Minnesota (NYP) 5 - Idaho Falls 2
BOTTOM OF THE 8TH
Idaho Falls Chukars batting - Pitching for Minnesota (NYP) Twins : RHP Chad Brock
Batting: SHB Benoît Morin 0-0: Called Strike
0-1: Ground out 6-3 (Groundball, 6, EV 79.4 MPH)
Batting: RHB Ruben Luis 0-0: Ball
1-0: Swinging Strike
1-1: Swinging Strike
1-2: Ground out 5-3 (Groundball, 56, EV 77.5 MPH)
Batting: RHB Jonas Fernandez 0-0: Ball
1-0: Ground out 6-3 (Groundball, 6M, EV 90.0 MPH)
Bottom of the 8th over - 0 runs, 0 hits, 0 errors, 0 left on base; Minnesota (NYP) 5 - Idaho Falls 2
TOP OF THE 9TH
Minnesota (NYP) Twins batting - Pitching for Idaho Falls Chukars : RHP Jim Haggart
Batting: LHB Ryuuichi Shintani 0-0: Foul Ball, location: 2F
0-1: Swinging Strike
0-2: Ball
1-2: Strikes out swinging
Batting: LHB Yasutoshi Hayashi 0-0: Ball
1-0: Ball
2-0: Ball
3-0: Base on Balls
Pitching: LHP Dustin Waller
Batting: LHB Ben Roth 0-0: Ball
1-0: Ball
2-0: Ball
3-0: Called Strike
3-1: TRIPLE (Groundball, 3L, EV 107.5 MPH)
Yasutoshi Hayashi scores
Batting: SHB Juan Aguilar 0-0: Called Strike
0-1: Foul Ball, location: 2F
0-2: Foul Ball, location: 2F
0-2: Strikes out swinging
Batting: RHB Caleb Bockmann 0-0: Ball
1-0: SINGLE (Groundball, 56D, EV 98.8 MPH)
Ben Roth scores
Batting: RHB Sergio Gomez 0-0: Ball
1-0: Ball
2-0: Foul Ball, location: 2F
2-1: TRIPLE (Flyball, 78XD, EV 111.2 MPH)
Caleb Bockmann scores
Pitching: RHP Jason Meade
Batting: LHB Tomas Espino 0-0: Ball
1-0: SINGLE (Line Drive, 6D, EV 104.4 MPH)
Sergio Gomez scores
Batting: RHB Steve Terrell 0-0: Ball
1-0: SINGLE (Flyball, 5D, EV 95.0 MPH)
Tomas Espino to second
Batting: RHB Alexandre Garcia 0-0: Ball
1-0: Ball
2-0: Ball
3-0: Base on Balls
Tomas Espino to third
Steve Terrell to second
Batting: LHB Ryuuichi Shintani 0-0: Swinging Strike
0-1: Foul Ball, location: 2F
0-2: Ball
1-2: Foul Ball, location: 2F
1-2: Foul Ball, location: 2F
1-2: Ball
2-2: Strikes out swinging
Top of the 9th over - 4 runs, 5 hits, 0 errors, 3 left on base; Minnesota (NYP) 9 - Idaho Falls 2
BOTTOM OF THE 9TH
Idaho Falls Chukars batting - Pitching for Minnesota (NYP) Twins : RHP Chad Brock
Batting: RHB Carlos Almada 0-0: Called Strike
0-1: Ball
1-1: Called Strike
1-2: Ground out 3-1 (Groundball, 34, EV 90.0 MPH)
Batting: RHB Chance Argy 0-0: Ball
1-0: Ball
2-0: Ball
3-0: Base on Balls
Batting: RHB Ian Hornsby 0-0: Swinging Strike
0-1: Ball
1-1: Ball
2-1: Called Strike
2-2: Fly out, F7 (Flyball, 7S, EV 79.4 MPH)
Batting: RHB Jimmy Mayville 0-0: Fly out, F8 (Flyball, 8RS, EV 89.4 MPH)
Bottom of the 9th over - 0 runs, 0 hits, 0 errors, 1 left on base; Minnesota (NYP) 9 - Idaho Falls 2
Tuesday, March 28th , 2023 - OOTP Baseball 23.10 Build 110